 Dungeon Crawl Stone Soup version 0.31-a0-102-g33a4ccc0cb (webtiles) character file.

Game seed: 12941494182515536603

167 Esekla the Covert (level 5, 37/37 HPs)
             Began as an Octopode Delver on May 26, 2023.
             Quit the game on level 5 of the Dungeon.
             The game lasted 00:02:35 (343 turns).

Esekla the Covert (Octopode Delver)                  Turns: 343, Time: 00:02:35

Health: 37/37      AC:  1    Str: 12    XL:     5   Next: 48%
Magic:  7/7        EV: 13    Int: 14    God:
Gold:   26         SH:  0    Dex: 13    Spells: 6/6 levels left

rFire   . . .        a - +0 falchion
rCold   . . .        (no shield)
rNeg    + . .        (helmet restricted)
rPois   .            (no amulet)
rElec   .            c - ring of positive energy
rCorr   .            (no ring)
SInv    .            (no ring)
Will    .....        (no ring)
Stlth   +++++        (no ring)
HPRegen 0.26/turn    (no ring)
MPRegen 0.10/turn    (no ring)
                     (no ring)

%: no passive effects
@: no status effects
A: almost no armour, amphibious, 8 rings, camouflage 1, gelatinous body 1,
(nimble swimmer 1), tentacles
a: no special abilities


You were on level 5 of the Dungeon.
You visited 1 branch of the dungeon, and saw 1 of its levels.

You collected 26 gold pieces.

Inventory:

Hand Weapons
 a - a +0 falchion (weapon)
 h - a +0 dagger
Jewellery
 c - a ring of positive energy (left tentacle)
Wands
 f - a wand of digging (3)
Scrolls
 b - a scroll of fog
 d - a scroll of fear
 g - a scroll of poison {unknown}
 i - a scroll of amnesia {unknown}
 j - a scroll of teleportation {unknown}
 k - a scroll of identify {unknown}
 l - a scroll of enchant weapon {unknown}
Potions
 e - a potion of haste


   Skills:
 * Level 3.7 Fighting
 * Level 2.6 Long Blades
 * Level 2.6 Dodging
 + Level 8.1 Stealth
 * Level 1.4 Spellcasting


You had 6 spell levels left.
You didn't know any spells.
Your spell library was empty.

Dungeon Overview and Level Annotations

Branches:
Dungeon (5/15)
 Temple: D:4-7

Altars:
Uskayaw
Yredelemnul


Innate Abilities, Weirdness & Mutations

You cannot wear most types of armour.
You are amphibious.
You can wear up to eight rings at the same time.
Your skin changes colour to match your surroundings (Stealth+).
Your rubbery body absorbs attacks. (AC +1, EV +1)
((You are camouflaged when in or above water. (Stealth+)))
You have tentacles for arms and can constrict up to eight enemies at once.


Message History

Magic restored.
You start resting.
HP restored.
You open the door.
Found 16 gold pieces and a scroll labelled GIUPO MIHOY.
Found a chain mail.
There is an open door here.
You now have 26 gold pieces (gained 16).
l - a scroll labelled GIUPO MIHOY A water moccasin comes into view.
The water moccasin hisses angrily.
There is an open door here.
You closely miss the water moccasin. Your grab misses the water moccasin.
The water moccasin bites you but does no damage.
You closely miss the water moccasin. Your grab misses the water moccasin.
The water moccasin bites you! The water moccasin bites you.
You hit the water moccasin. You grab the water moccasin.
You squeeze the water moccasin.
The water moccasin is moderately wounded.
You constrict the water moccasin, but do no damage.
The water moccasin bites you. x2
* * * LOW HITPOINT WARNING * * *
You slash the water moccasin! You squeeze the water moccasin!
The water moccasin is almost dead.
You constrict the water moccasin, but do no damage.
The water moccasin bites you.
* * * LOW HITPOINT WARNING * * *
You hit the water moccasin but do no damage.
The water moccasin is almost dead.
You constrict the water moccasin.
The water moccasin barely misses you. x2
You barely miss the water moccasin. You squeeze the water moccasin.
You kill the water moccasin!
Your Stealth skill increases to level 8!
You have reached level 5!
You feel stronger.
You start resting.
Magic restored.
You start resting.
HP restored.
Are you sure you want to abandon this character and quit the game? (Confirm with "yes".)

####.# *,**,,,,*,...,,,,*
..#..##*######**,**,,,,*<..,,,,,*
#.....,*#....,,,,**,,,,##.#******
..#..#,*#...###+###,,,,#.S*
####.####...#.....#,,,,#.#*
#......†#...#.♣[♣.#,**##.#
#.......#...'.._..+,* #..#
#.......##.##.♣.♣.#####.##
...._......##...@.#.....#
#.††....#######'###...###
#..††...#..####..S....#
#.......##..........[.#
####.#####.#####......# #...,,,,*
#......# #####**** #......#
#......# ########


There were no monsters in sight!

Vanquished Creatures
  A water moccasin (D:5)
  A hound (D:5)
  An orc wizard (D:5)
  3 orcs (D:5)
6 creatures vanquished.

Notes
Turn   | Place    | Note
-------+----------+-------------------------------------------
     0 | D:5      | Esekla the Octopode Delver began the quest for the Orb.
     0 | D:5      | Reached XP level 1. HP: 16/16 MP: 1/1
     3 | D:5      | Noticed an orc wizard
     7 | D:5      | Noticed an orc wizard
    17 | D:5      | Killed an orc wizard
    18 | D:5      | Reached skill level 7 in Stealth
    18 | D:5      | Reached XP level 2. HP: 6/21 MP: 2/2
    18 | D:5      | Reached XP level 3. HP: 8/26 MP: 3/3
    27 | D:5      | Noticed an ogre
   110 | D:5      | Found a hide-covered altar of Uskayaw.
   133 | D:5      | Reached skill level 1 in Spellcasting
   133 | D:5      | Reached XP level 4. HP: 15/31 MP: 3/5
   135 | D:5      | Found a basalt altar of Yredelemnul.
   218 | D:5      | Noticed a water moccasin
   236 | D:5      | Killed a water moccasin
   237 | D:5      | Reached skill level 8 in Stealth
   237 | D:5      | Reached XP level 5. HP: 9/37 MP: 5/7
   343 | D:5      | Quit the game

Illustrated notes

Levels and vault maps discovered:
D:5:      cheibrodos_barr_body, layout_rooms, kennysheep_little_box,
          nicolae_uskayaw_murder_on_the_dancefloor

Skill      XL: |  1  2  3  4 |
---------------+-------------+-----
Stealth        | 7 8 |  8.1
Spellcasting   | 1 |  1.4
Fighting       | |  3.7
Long Blades    | |  2.6
Dodging        | |  2.6

Action                     |  1- 3 |  4- 6 || total
---------------------------+-------+-------++-------
  Melee: Falchion          |    12 |     6 ||    18
         Tentacles         |     4 |     3 ||     7
         Constrict         |     3 |     1 ||     4
    Use: Scroll            |     1 |       ||     1
 Armour: Skin              |       |     1 ||     1
  Dodge: Dodged            |     8 |     2 ||    10

Table legend: (Time is in decaauts)
 A = Elapsed time spent in this place.
 B = Non-inter-level travel time spent in this place.
 C = Inter-level travel time spent in this place.
 D = Time resting spent in this place.
 E = Time spent auto-exploring this place.
 F = Levels seen in this place.
 G = Mean time per level.
                   A        B        C        D        E       F      G
               +--------+--------+--------+--------+--------+-----+--------+
         Total |    345 |    345 |      0 |    164 |      0 |   1 |  345.0 |
       Dungeon |    345 |    345 |      0 |    164 |      0 |   1 |  345.0 |
               +--------+--------+--------+--------+--------+-----+--------+

Top non-repeatable levels by time:
     D:5: 345 daAuts
